 Dungeon Crawl Stone Soup version 0.30-a0-908-g5a111fc481 (webtiles) character file.

Game seed: 7180392123936067574

67 sanka the Chopper (level 4, 41/41 HPs)
             Began as a Hill Orc Monk on Mar 19, 2023.
             Was a Priest of Zin.
             Quit the game on level 2 of the Dungeon.
             The game lasted 00:03:47 (1893 turns).

sanka the Chopper (Hill Orc Monk)                   Turns: 1893, Time: 00:03:47

Health: 41/41      AC:  2    Str: 15    XL:     4   Next: 16%
Magic:  4/4        EV: 12    Int: 10    God:    Zin [***...]
Gold:   93         SH:  0    Dex: 13    Spells: 3/3 levels left

rFire   . . .      SeeInvis .    a - +0 hand axe
rCold   . . .      Faith    .    (no shield)
rNeg    . . .      Spirit   .    b - +0 robe
rPois   .          Reflect  .    (no helmet)
rElec   .          Rampage  .    (no cloak)
rCorr   .                        (no gloves)
Will    .....                    (no boots)
Stlth   ++                       (no amulet)
HPRegen 0.26/turn                (no ring)
MPRegen 0.09/turn                (no ring)

@: no status effects
A: no striking features
a: Renounce Religion, Recite, Vitalisation, Imprison, Donate Gold


You were on level 2 of the Dungeon.
You worshipped Zin.
Zin was most pleased with you.
You visited 1 branch of the dungeon, and saw 2 of its levels.

You collected 103 gold pieces.
You donated 10 gold pieces to Zin.


   Skills:
 + Level 4.4 Fighting
 * Level 5.8 Axes
 - Level 2.4 Dodging
 - Level 1.5 Stealth


You had 3 spell levels left.
You didn't know any spells.
Your spell library contained the following spells:

 Spells                   Type           Power      Damage    Failure   Level
 Static Discharge         Conj/Air       0%         2-2/arc   50%         2
 Vhi's Electric Charge    Tloc/Air       0%         N/A       75%         3
 Arcjolt                  Conj/Air       0%         1d10      100%        5
 Plasma Beam              Fire/Air       0%         2x1d11    100%        5

Inventory:

Hand Weapons
 a - a +0 hand axe (weapon)
Armour
 b - a +0 robe (worn)
 e - a +0 pair of boots
Scrolls
 d - 2 scrolls of identify {unknown}
 i - 3 scrolls of teleportation {unknown}
 j - a scroll of enchant armour {unknown}
 l - a scroll of fog {unknown}
Potions
 c - 2 potions of ambrosia
 f - 2 potions of berserk rage {unknown}
 g - 3 potions of magic {unknown}
 h - a potion of heal wounds {unknown}
 k - a potion of cancellation {unknown}

Dungeon Overview and Level Annotations

Branches:
Dungeon (2/15)

Altars:
Zin

.▒.▒...........▒
▒....▒.▒▒.▒
...▒▒▒▒.▒▒..▒▒▒▒
▒.▒▒▒▒..... ...▒ ▒.▒▒..▒
▒.▒ ▒▒▒▒.▒ ...▒ ▒.▒▒..▒ ▒.▒
▒.▒ ...▒ ▒.....▒
▒▒▒▒▒.▒▒▒▒▒▒▒.. ...▒
▒▒▒▒..▒▒▒▒▒▒▒..............
.▒▒▒
▒▒.........▒▒▒▒▒▒▒▒▒▒▒.. .▒
▒▒...♣.♣..▒ ▒.. .▒
▒.▒..o..▒▒ ▒.. .▒ ▒.▒.♣.♣.▒
▒.▒ .▒ ▒.......▒ ▒.▒ ▒▒
▒▒▒▒▒▒▒▒▒.▒▒▒▒▒ ▒.▒ ▒▒▒
▒▒~~~~▒▒ ▒..▒ ▒.▒
▒.▒▒▒~~~~~~▒▒▒..▒
▒▒▒▒▒▒▒▒▒▒▒▒▒.▒
▒........~~.....▒
▒........▒▒....
▒........(~~....▒
▒........▒..▒.▒
▒.....~~....~...▒
▒..........▒▒.▒


There were no monsters in sight!


Message History

The kobold misses you.
You hit the kobold but do no damage. The kobold hits you with a +0 whip.
You closely miss the kobold. The kobold hits you with a +0 whip.
You slash the kobold!
You kill the kobold!
No target in view!
No target in view!
You start resting.
HP restored.
g - 3 metallic sapphire potions (gained 1)
You see here a +0 spear.
Things that are here:
a +0 club; a +0 club Done exploring.
Done exploring.
Search for what [Enter for "."]? .
There is a faded altar of an unknown god here.
This altar belongs to (a) Beogh, (b) Elyvilon or (c) Zin, but you can't tell which.
Press the corresponding letter to learn more about a god, or press enter to convert or escape to cancel.
Okay, then.
This altar belongs to (a) Beogh, (b) Elyvilon or (c) Zin, but you can't tell which.
Press the corresponding letter to learn more about a god, or press enter to convert or escape to cancel.
Zin accepts your prayer! Zin welcomes you!
You can now recite Zin's Axioms of Law.
You can now call upon Zin for vitalisation.
You pay a tithe of 10 gold.
You can now donate money to Zin.
You can now call upon Zin to imprison the lawless.
Are you sure you want to abandon this character and quit the game? (Confirm with "yes".)

Action                     |  1- 3 |  4- 6 || total
---------------------------+-------+-------++-------
  Melee: Hand axe          |   103 |    24 ||   127
         Punch             |     1 |     1 ||     2
   Stab: Sleeping          |     3 |     2 ||     5
         Distracted        |     1 |       ||     1
 Armour: Robe              |    17 |     3 ||    20
  Dodge: Dodged            |    61 |    14 ||    75

Levels and vault maps discovered:
D:1:      kilobyte_arrival_exit_the_forest, layout_rooms, serial_forest,
          infiniplex_forest_split, infiniplex_forest_clump_large,
          infiniplex_forest_end_3, infiniplex_forest_straight_1,
          infiniplex_forest_clump_cross, infiniplex_forest_zigzag_2,
          infiniplex_forest_lined_ring, infiniplex_forest_lined_room_2,
          minmay_pentomino_v2
D:2:      cheibrodos_helix_gallery, layout_basic,
          chequers_ecumenical_altar_simple

Notes
Turn   | Place    | Note
-------+----------+-------------------------------------------
     0 | D:1      | sanka the Hill Orc Monk began the quest for the Orb.
     0 | D:1      | Reached XP level 1. HP: 19/19 MP: 1/1
   284 | D:1      | Reached XP level 2. HP: 27/27 MP: 2/2
   499 | D:1      | Reached skill level 4 in Fighting
   539 | D:1      | Reached skill level 5 in Axes
   750 | D:1      | Reached XP level 3. HP: 33/33 MP: 3/3
  1320 | D:2      | Found a faded altar of an unknown god.
  1333 | D:2      | Reached XP level 4. HP: 28/41 MP: 4/4
  1892 | D:2      | Prayed at the altar of an unknown god.
  1892 | D:2      | Became a worshipper of Zin the Law-Giver
  1892 | D:2      | Reached * piety under Zin
  1892 | D:2      | Reached ** piety under Zin
  1892 | D:2      | Reached *** piety under Zin
  1893 | D:2      | Quit the game

Vanquished Creatures
  3 adders (D:2)
  3 dart slugs (D:2)
  3 bats (D:1)
  4 endoplasms
  3 goblins
  3 hobgoblins (D:1)
  4 jackals (D:1)
  A quokka (D:2)
  2 ball pythons
  2 frilled lizards (D:1)
  4 kobolds
  A rat (D:1)
33 creatures vanquished.

Vanquished Creatures (others)
  2 plants (D:1)
2 creatures vanquished.

Grand Total: 35 creatures vanquished
